 Dungeon Crawl Stone Soup version 0.28-a0-1638-g9123634e07 (webtiles) character file.

Game seed: 14961331110569091962

4397 funkygono the Arsonist (level 10, -3/52 HPs)
             Began as a Gargoyle Fire Elementalist on Jan 25, 2022.
             Was a Believer of Vehumet.
             Killed from afar by a gargoyle (17 damage)
             ... with a stone arrow
             ... in a bailey.
             The game lasted 00:18:07 (10307 turns).

funkygono the Arsonist (GrFE)                      Turns: 10307, Time: 00:18:07

Health: -3/52      AC: 12    Str: 11    XL:     10   Next: 35%
Magic:  14/22      EV: 16    Int: 27    God:    Vehumet [**....]
Gold:   333        SH:  0    Dex: 10    Spells: 15/26 levels left

rFire   . . .      SeeInvis +   x - +10 great mace "Ateor" {elec, rElec SInv}
rCold   . . .      Faith    .   (shield currently unavailable)
rNeg    + . .      Spirit   .   a - +0 robe
rPois   ∞          Reflect  .   u - +1 hat
rElec   +          Harm     .   (no cloak)
rCorr   .          Rampage  .   b - +0 pair of gloves
Will    .....                   E - +0 pair of boots
Stlth   ++........              (no amulet)
HPRegen 0.17/turn               q - +6 ring of intelligence
MPRegen 0.18/turn               t - +4 ring of evasion

@: no status effects
A: sickness immunity, AC +7, negative energy resistance 1, electricity
resistance, torment resistance 1, petrification resistance
a: Renounce Religion


You were in a bailey.
You worshipped Vehumet.
Vehumet was pleased with you.
You visited 2 branches of the dungeon, and saw 9 of its levels.
You also visited: Bailey.

You collected 388 gold pieces.
You spent 55 gold pieces at shops.

Inventory:

Hand Weapons
 j - a +6 flail of draining
 l - a +1 mace of venom
 m - a +2 whip
 x - the +10 great mace "Ateor" (weapon) {elec, rElec SInv}
   (You found it on level 7 of the Dungeon)

   It occasionally discharges a powerful burst of electricity upon striking a
   foe.
   rElec:     It insulates you from electricity.
   SInv:      It lets you see invisible.
Missiles
 e - 139 stones
Armour
 a - a +0 robe (worn)
 b - a +0 pair of gloves (worn)
 p - a +0 leather armour
 u - a +1 hat (worn)
 E - a +0 pair of boots (worn)
Magical Staves
 z - a staff of cold
 D - a staff of fire
Jewellery
 q - a +6 ring of intelligence (left hand)
 t - a +4 ring of evasion (right hand)
 A - a ring of resist corrosion
Wands
 h - a wand of polymorph (2)
 n - a wand of flame (12)
 o - a wand of iceblast (9)
Scrolls
 c - 2 scrolls of teleportation
 d - a scroll of silence
 i - 3 scrolls of magic mapping
 y - a scroll of amnesia
Potions
 f - 2 potions of invisibility
 g - 2 potions of brilliance
 k - 4 potions of curing
 r - a potion of attraction
 s - a potion of heal wounds
 v - a potion of cancellation
 w - a potion of might
 B - a potion of mutation {unknown}
 C - 2 potions of resistance {unknown}


   Skills:
 + Level 1.5 Fighting
 + Level 2.0 Maces & Flails
 + Level 2.5 Dodging
 - Level 2.1 Stealth
 * Level 8.7 Spellcasting
 * Level 6.7 Conjurations
 * Level 9.6 Fire Magic


You had 15 spell levels left.
You knew the following spells:

 Your Spells              Type           Power      Damage    Failure   Level
a - Foxfire               Conj/Fire      100%       2x1d9     1%          1
b - Scorch                Fire           100%       2d10      1%          2
c - Conjure Flame         Conj/Fire      54%        6-21      1%          3
d - Flame Wave            Conj/Fire      54%        2d11      1%          4
e - Shock                 Conj/Air       100%       1d9       1%          1

Your spell library contained the following spells:

 Spells                   Type           Power      Damage    Failure   Level
 Poisonous Vapours        Pois/Air       22%        N/A       8%          2
 Inner Flame              Hex/Fire       37%        N/A       1%          3
 Ozocubu's Armour         Ice            11%        N/A       14%         3
 Summon Ice Beast         Ice/Summ       11%        N/A       43%         4
 Freezing Cloud           Conj/Ice/Air   11%        6-21      47%         5
 Metabolic Englaciation   Hex/Ice        5%         N/A       80%         5
 Summon Forest            Summ/Tloc      5%         N/A       80%         5
 Ozocubu's Refrigeration  Ice            5%         4d6       100%        7


Dungeon Overview and Level Annotations

Branches:
Dungeon (8/15)             Temple (1/1) D:4          Bailey (1/1)
   Lair: D:8-11

Altars:
Ashenzari
Cheibriados
Dithmenos
Elyvilon
Fedhas
Hepliaklqana
Kikubaaqudgha
Makhleb
Nemelex Xobeh
Okawaru
Qazlal
Ru
Sif Muna
Trog
Uskayaw
Vehumet
Wu Jian
Xom
Yredelemnul
Zin
The Shining One

Shops:
D:1 =   D:4 !

Annotations:
D:5 1 runed translucent door, Hasart's ghost, novice DgFi
D:7 2 runed translucent doors, ThreePoint314's ghost, novice DrTm


Innate Abilities, Weirdness & Mutations

You are immune to sickness and miasma.
Your stone body is resilient. (AC +7)
You are immune to poison.
You resist negative energy. (rN+)
You are resistant to electric shocks. (rElec)
You are resistant to unholy torment.
You are immune to petrification.


Message History

The gargoyle is lightly damaged.
The foxfire hits the gargoyle but does no damage.
The gargoyle is lightly damaged.
The foxfire hits the gargoyle but does no damage.
The gargoyle is lightly damaged.
Casting: Foxfire (safe; 1% risk of failure)
Confirm with . or Enter, or press ? or * to list all spells.
Flames lash the gargoyle.
The gargoyle is heavily damaged.
The gargoyle's fire resistance burns away.
The foxfire hits the gargoyle but does no damage.
The gargoyle is heavily damaged.
The foxfire hits the gargoyle but does no damage.
The gargoyle is heavily damaged.
Casting: Scorch (safe; 1% risk of failure)
Confirm with . or Enter, or press ? or * to list all spells.
Flames lash the gargoyle but do no damage.
The gargoyle hurls a stone arrow at you.
The stone arrow hits you!!
Unknown command.
Casting: Scorch (safe; 1% risk of failure)
Confirm with . or Enter, or press ? or * to list all spells.
Flames lash the gargoyle but do no damage.
Unknown command.
You hit the gargoyle but do no damage.
The gargoyle is heavily damaged.
The gargoyle barely misses you. The gargoyle hits you with a +0 mace.
You barely miss the gargoyle.
The gargoyle is heavily damaged.
The gargoyle closely misses you. x2
You hit the gargoyle but do no damage.
The gargoyle is heavily damaged.
The gargoyle is no longer more vulnerable to fire.
The gargoyle hits you with a +0 mace!
* * * LOW HITPOINT WARNING * * *
You sock the gargoyle!
The gargoyle is almost destroyed.
The gargoyle hurls a stone arrow at you.
The stone arrow hits you!
You die...

♣.....#...♣...♣........#
♣...8##....♣.........###
♣♣....#....♣...♣......+
♣.....#.)....♣..♣.....#
♣.....#'####..♣.......##
♣.....#).).#...........#
♣♣....#....#..♣....♣...#
♣♣#'##'#..#.....♣.....#
#....#v.#....@9.....#
#....####...#...♣....
#....'...)####.......
#....')..##..##......
#....#...#....#########
#....#...............8#
####)#......#.........#
#..#8....##...##++###
#..#######...##


You could see a gargoyle.

Vanquished Creatures
  A two-headed ogre (D:8)
  A hornet (D:7)
  Edmund (D:5)
  An ice beast (D:6)
  2 orc warriors (D:7)
  A necrophage (D:4)
  3 ogres
  2 centaurs
  3 bullfrogs
  3 scorpions
  2 water moccasin zombies (D:6)
  A water moccasin skeleton (D:5)
  4 killer bees
  15 wights
  8 vampire bats (Bailey)
  4 wolf zombies (Bailey)
  A centaur zombie (D:7)
  7 hounds
  4 jellies
  2 centaur skeletons
  A gnoll shaman (D:4)
  4 iguanas
  3 orc wizards
  A howler monkey zombie (D:5)
  7 gnolls
  8 adders
  A shadow imp (D:7)
  A white imp (D:6)
  3 worms
  3 dart slugs
  20 orcs
  5 endoplasms
  6 giant cockroaches
  8 goblins
  8 hobgoblins
  8 kobolds
  3 quokkas
  6 ball pythons
  9 bats
  14 frilled lizards
  14 orc zombies (Bailey)
  5 rats
204 creatures vanquished.

Vanquished Creatures (collateral kills)
  5 foxfires (D:2)
5 creatures vanquished.

Vanquished Creatures (others)
  657 foxfires
  14 plants
671 creatures vanquished.

Grand Total: 880 creatures vanquished

Notes
Turn   | Place    | Note
-------+----------+-------------------------------------------
     0 | D:1      | funkygono the Gargoyle Fire Elementalist began the quest
                  | for the Orb.
     0 | D:1      | Reached XP level 1. HP: 10/10 MP: 3/3
   232 | D:1      | Reached XP level 2. HP: 15/15 MP: 1/5
   235 | D:1      | Learned a level 2 spell: Scorch
   705 | D:1      | Found a faded altar of an unknown god.
   801 | D:1      | Reached XP level 3. HP: 19/19 MP: 3/6
   878 | D:1      | Found Omoocr Muta's Jewellery Shoppe.
  1250 | D:1      | Learned a level 3 spell: Conjure Flame
  1495 | D:2      | Reached skill level 4 in Fire Magic
  1527 | D:2      | Reached XP level 4. HP: 24/24 MP: 2/7
  1881 | D:2      | Reached XP level 5. HP: 28/28 MP: 5/9
  3067 | D:3      | Reached skill level 5 in Fire Magic
  3561 | D:3      | Found a shimmering blue altar of Sif Muna.
  4167 | D:3      | Learned a level 4 spell: Flame Wave
  4262 | D:4      | Reached XP level 6. HP: 31/32 MP: 4/11
  4468 | D:4      | Noticed a necrophage
  4473 | D:4      | Killed a necrophage
  4474 | D:4      | Reached XP level 7. HP: 36/36 MP: 5/13
  4771 | D:4      | Found a shimmering altar of Xom.
  4834 | D:4      | Found Oluust's Distillery.
  4837 | D:4      | Bought a potion of heal wounds for 55 gold pieces
  4980 | D:4      | Found a staircase to the Ecumenical Temple.
  4998 | D:4      | Reached skill level 6 in Fire Magic
  5003 | Temple   | Entered the Ecumenical Temple
  5166 | Temple   | Became a worshipper of Vehumet
  5598 | D:4      | Got the Papyrus of the Snowflakes and the Escort
  5793 | D:5      | Entered Level 5 of the Dungeon
  5793 | D:5      | Noticed Edmund
  6002 | D:5      | Killed Edmund
  6003 | D:5      | Reached skill level 5 in Spellcasting
  6003 | D:5      | Reached XP level 8. HP: 22/41 MP: 1/15
  6470 | D:5      | Found a runed translucent door.
  6471 | D:5      | Noticed Hasart's ghost (novice DgFi)
  6572 | D:5      | Reached skill level 7 in Fire Magic
  7395 | D:6      | Reached * piety under Vehumet
  7395 | D:6      | Offered knowledge of Shock by Vehumet.
  7398 | D:6      | Learned a level 1 spell: Shock
  7793 | D:6      | Reached skill level 8 in Fire Magic
  7880 | D:6      | Reached XP level 9. HP: 46/46 MP: 15/18
  8086 | D:7      | Identified the +10 great mace "Ateor" {elec, rElec SInv}
  8107 | D:7      | Reached skill level 5 in Conjurations
  8647 | D:7      | Found a large runed translucent door.
  8647 | D:7      | Found a large runed translucent door.
  8651 | D:7      | Noticed ThreePoint314's ghost (novice DrTm)
  8669 | D:7      | Reached skill level 1 in Maces & Flails
  8706 | D:7      | Noticed a hornet
  8711 | D:7      | Killed a hornet
  8712 | D:7      | Reached skill level 1 in Fighting
  8712 | D:7      | Reached skill level 9 in Fire Magic
  8941 | D:7      | Found a sacrificial altar of Ru.
  9122 | D:7      | Found a hide-covered altar of Uskayaw.
  9260 | D:8      | Noticed a two-headed ogre
  9269 | D:8      | Killed a two-headed ogre
  9270 | D:8      | Reached XP level 10. HP: 52/52 MP: 16/22
  9359 | D:7      | Reached ** piety under Vehumet
  9413 | D:8      | Offered knowledge of Poisonous Vapours by Vehumet.
  9519 | D:8      | Found a shadowy altar of Dithmenos.
  9571 | D:8      | Found a flagged portal.
  9580 | Bailey   | Entered a bailey
 10296 | Bailey   | Noticed a gargoyle
 10307 | Bailey   | Killed from afar by a gargoyle

Illustrated notes

Levels and vault maps discovered:
D:1:      scummos_arrival_checkerplants, layout_loops_ring, serial_shops,
          nicolae_lakefront_shop, basic_ecumenical_altar, minmay_lizard_king
D:2:      layout_loops_ring, serial_forest, infiniplex_forest_straight_5,
          infiniplex_forest_straight_5, infiniplex_forest_clump_double,
          infiniplex_forest_lined_2, infiniplex_forest_end_3,
          infiniplex_forest_split, infiniplex_forest_straight_2,
          infiniplex_forest_lined_3, infiniplex_forest_lined_corner,
          infiniplex_forest_end_1, kennysheep_generic_room_12
D:3:      layout_basic, mainiacjoe_overflow_small_starburst,
          minmay_goblin_kobold_house
D:4:      layout_cave_pods, nicolae_overflow_hidden_temple,
          minmay_temple_entry_statues_fountains, serial_shops,
          kennysheep_mini_moat, serial_column_ruins, column_ruins_hut_ruined,
          column_ruins_open_tiny, column_ruins_grid_1, column_ruins_open_tiny,
          column_ruins_corridor_straight, column_ruins_corridor_straight,
          column_ruins_open_large, column_ruins_open_medium, kennysheep_dice
D:5:      layout_rooms, hellmonk_ghost_happy_afterlife, uniq_edmund
D:6:      layout_basic, minivault_24, grunt_ministairs_11
D:7:      layout_cave_pools, mainiacjoe_overflow_alcove_1,
          mainiacjoe_overflow_brackets, ebering_ghost_disaster_area,
          minmay_fractal_squares_5
D:8:      layout_layer_cave, nicolae_dithmenos_through_a_glass_darkly,
          enter_bailey_2, serial_shops, nicolae_shop_behind_doors,
          ebering_ghost_reflecting_pool, chequers_big_river
Temple:   eino_temple_rhombus
Bailey:   bailey_polearm_vampire_castle_hellmonk, bailey

Skill      XL: |  1  2  3  4  5  6  7  8  9 10 |
---------------+-------------------------------+-----
Fire Magic     | 4 5 6 8 9 |  9.6
Conjurations   | 2 3 4 6 |  6.7
Spellcasting   | 3 4 5 6 8 |  8.7
Maces & Flails | 1 2 |  2.0
Dodging        | 2 |  2.5
Fighting       | 1 |  1.5
Stealth        | |  2.1

Action                   |  1- 3 |  4- 6 |  7- 9 | 10-12 || total
-------------------------+-------+-------+-------+-------++-------
Melee: Unarmed           |     1 |       |       |       ||     1
       Whip              |       |     8 |     2 |       ||    10
       Punch             |       |     1 |       |       ||     1
       Flail             |       |       |    24 |       ||    24
       Great mace        |       |       |    17 |    38 ||    55
 Cast: Foxfire           |    64 |    98 |   160 |    71 ||   393
       Scorch            |     3 |    12 |    36 |    11 ||    62
       Flame Wave        |       |       |     3 |     1 ||     4
  Use: Scroll            |       |     9 |     8 |       ||    17
Armor: Robe              |     2 |     7 |    33 |    35 ||    77
Dodge: Dodged            |     8 |     9 |    79 |    96 ||   192

Table legend: (Time is in decaauts)
 A = Elapsed time spent in this place.
 B = Non-inter-level travel time spent in this place.
 C = Inter-level travel time spent in this place.
 D = Time resting spent in this place.
 E = Time spent auto-exploring this place.
 F = Levels seen in this place.
 G = Mean time per level.
                   A        B        C        D        E       F      G
               +--------+--------+--------+--------+--------+-----+--------+
         Total |  10357 |  10104 |    253 |   1220 |   7068 |  10 | 1035.7 |
       Dungeon |   9412 |   9171 |    241 |    865 |   6839 |   8 | 1176.5 |
        Temple |    197 |    186 |     11 |      0 |    166 |   1 |  197.0 |
        Bailey |    747 |    747 |      0 |    355 |     63 |   1 |  747.0 |
               +--------+--------+--------+--------+--------+-----+--------+

Top non-repeatable levels by time:
     D:6: 1630 daAuts
     D:2: 1607 daAuts
     D:4: 1557 daAuts
     D:3: 1319 daAuts
     D:1: 1296 daAuts
     D:7: 970 daAuts
     D:5: 762 daAuts
  Bailey: 747 daAuts
     D:8: 268 daAuts
  Temple: 197 daAuts
